 Dungeon Crawl Stone Soup version 0.28.0-1-gb440e238dd (webtiles) character file.

Game seed: 9798620488574056456

109 Ajdolov the Cudgeller (level 4, 0/37 HPs)
             Began as a Palentonga Monk on Feb 26, 2022.
             Slain by a goblin (3 damage)
             ... on level 3 of the Dungeon.
             The game lasted 00:02:58 (1557 turns).

Ajdolov the Cudgeller (Palentonga Monk)             Turns: 1557, Time: 00:02:59

Health: 0/37       AC:  5    Str: 16    XL:     4   Next: 59%
Magic:  4/4        EV: 10    Int: 11    God:
Gold:   49         SH:  0    Dex: 12    Spells: 3/3 levels left

rFire   . . .      SeeInvis +   f - +0 whip
rCold   . . .      Faith    .   (no shield)
rNeg    . . .      Spirit   .   k - +0 leather armour
rPois   .          Reflect  .   (no helmet)
rElec   .          Harm     .   (no cloak)
rCorr   .          Rampage  .   d - +0 pair of gloves
Will    .....                   (no barding)
Stlth   +.........              (no amulet)
HPRegen 0.12/turn               (no ring)
MPRegen 0.09/turn               (no ring)

@: no status effects
A: large, rugged brown scales 3, see invisible, deformed body, roll 1, armoured
tail
a: Rolling Charge


You were on level 3 of the Dungeon.
You visited 1 branch of the dungeon, and saw 4 of its levels.

You collected 49 gold pieces.

Inventory:

Hand Weapons
 a - a +0 mace
 b - the +9 hunting sling of the Hills {freeze, MP+9 Str+4 Dex+4 SInv}
   (You found it on level 4 of the Dungeon)

   Any ammunition fired from it freezes those it strikes, dealing additional
   cold damage.
   It can also slow down cold-blooded creatures.
   Str:       It affects your strength (+4).
   Dex:       It affects your dexterity (+4).
   MP:        It affects your magic capacity (+9).
   SInv:      It lets you see invisible.
 f - a +0 whip (weapon)
Armour
 d - a +0 pair of gloves (worn)
 e - a +0 kite shield
 i - a +0 plate armour
 k - a +0 leather armour (worn)
Scrolls
 c - a scroll of fear {unknown}
 h - a scroll of identify {unknown}
 j - a scroll of noise {unknown}


   Skills:
 - Level 3.0 Fighting
 * Level 5.4 Maces & Flails
 - Level 2.4 Dodging
 - Level 1.2 Stealth


You had 3 spell levels left.
You didn't know any spells.
Your spell library contained the following spells:

 Spells                   Type           Power      Damage    Failure   Level
 Call Canine Familiar     Summ           0%         N/A       78%         3
 Portal Projectile        Hex/Tloc       0%         N/A       78%         3
 Leda's Liquefaction      Hex/Erth       0%         N/A       99%         4


Dungeon Overview and Level Annotations

Branches:
Dungeon (4/15)
 Temple: D:4-7

Altars:


Innate Abilities, Weirdness & Mutations

You are completely covered in rugged brown scales. (AC +3, +7% HP)
You have supernaturally acute eyesight. (SInv)
Armour fits poorly on your strangely shaped body.
You can roll at nearby foes to attack.
You have a long armoured tail.


Message History

It was a potion of curing.
You feel better. The goblin hits you but does no damage.
You closely miss the goblin. The goblin hits you but does no damage.
You closely miss the goblin. The goblin hits you with a +0 dagger.
You barely miss the goblin. The goblin hits you but does no damage.
You hit the kobold brigand. You tail-slap the kobold brigand.
The kobold brigand is lightly wounded.
The kobold brigand closely misses you. The goblin hits you but does no damage.
You hit the kobold brigand. You tail-slap the kobold brigand.
The kobold brigand is moderately wounded.
The kobold brigand hits you with a +0 short sword.
The goblin barely misses you.
You hit the kobold brigand but do no damage.
The kobold brigand is moderately wounded.
The kobold brigand hits you with a +0 short sword!
* * * LOW HITPOINT WARNING * * *
You hit the kobold brigand but do no damage.
Your tail-slap misses the kobold brigand.
The kobold brigand is moderately wounded.
The goblin closely misses you. The kobold brigand barely misses you.
You hit the kobold brigand. You tail-slap the kobold brigand.
The kobold brigand is heavily wounded.
The goblin hits you with a +0 dagger.
* * * LOW HITPOINT WARNING * * *
The kobold brigand barely misses you.
You hit the kobold brigand but do no damage.
The kobold brigand is heavily wounded.
The goblin hits you with a +0 dagger.
* * * LOW HITPOINT WARNING * * *
You hit the kobold brigand. You tail-slap the kobold brigand!
The kobold brigand is almost dead.
The kobold brigand misses you. The goblin closely misses you.
You hit the kobold brigand.
You kill the kobold brigand!
The goblin barely misses you.
Your Maces & Flails skill increases to level 5!
You have reached level 4!
You feel clever.
You closely miss the goblin. The goblin hits you with a +0 dagger.
You die...

..###.###.......
##...#...#...##...
#..#.....g...#....
#####.# #.......#.....
#.....####........#
#..........#......#...
#.......w....†........
#...wg######.....##...
#(...@# #.....# ..
####### ####### #


You could see a worm and a goblin.

Vanquished Creatures
  A kobold brigand (D:3)
  2 worms
  A dart slug (D:4)
  A ball python (D:1)
  4 endoplasms
  2 giant cockroaches (D:1)
  6 hobgoblins (D:1)
  3 jackals (D:1)
  5 kobolds
  A quokka (D:4)
  3 bats (D:1)
  A frilled lizard (D:1)
  A goblin (D:1)
  4 rats
35 creatures vanquished.

Notes
Turn   | Place    | Note
-------+----------+-------------------------------------------
     0 | D:1      | Ajdolov the Palentonga Monk began the quest for the Orb.
     0 | D:1      | Reached XP level 1. HP: 19/19 MP: 1/1
     7 | D:1      | Noticed a black bear
     7 | D:1      | Noticed a swamp drake
     8 | D:1      | Noticed an anaconda
   197 | D:1      | Reached XP level 2. HP: 22/25 MP: 2/2
   604 | D:1      | Reached skill level 4 in Maces & Flails
   873 | D:1      | Found a faded altar of an unknown god.
   881 | D:1      | Reached XP level 3. HP: 24/31 MP: 3/3
  1409 | D:2      | You fall into a shaft and drop 2 floors!
  1414 | D:4      | Identified the +9 hunting sling of the Hills {freeze, MP+9
                  | Str+4 Dex+4 SInv}
  1433 | D:3      | Noticed an ogre
  1531 | D:3      | Noticed a kobold brigand
  1556 | D:3      | Killed a kobold brigand
  1557 | D:3      | Reached skill level 5 in Maces & Flails
  1557 | D:3      | Reached XP level 4. HP: 3/37 MP: 4/4
  1557 | D:3      | Slain by a goblin

Illustrated notes

Levels and vault maps discovered:
D:1:      onia_arrival_zoo_common, layout_basic,
          hellmonk_ecumenical_altar_prayer_group, chequers_serial_rivers_room_a
D:2:      layout_basic, uniq_sigmund
D:3:      layout_rooms, minmay_between, uniq_ijyb, uniq_robin
D:4:      layout_basic, gammafunk_ghost_mausoleum, minmay_misc_feat_diagonals,
          minivault_1, hangedman_abyss_or_decor_lesser_grid,
          guppyfry_early_lair_pool, uniq_grinder, uniq_natasha,
          uniq_blork_the_orc

Skill      XL: |  1  2  3 |
---------------+----------+-----
Maces & Flails | 4 5 |  5.4
Fighting       | |  3.0
Dodging        | |  2.4
Stealth        | |  1.2

Action                   |  1- 3 |  4- 6 || total
-------------------------+-------+-------++-------
Melee: Mace              |    17 |       ||    17
       Tailslap          |    22 |       ||    22
       Whip              |   135 |     1 ||   136
       Punch             |     1 |       ||     1
  Use: Potion            |     2 |       ||     2
 Stab: Sleeping          |     3 |       ||     3
Armor: Robe              |    31 |       ||    31
       Leather armour    |    13 |       ||    13
Dodge: Dodged            |    79 |       ||    79
